 Dungeon Crawl Stone Soup version 0.27-a0-909-g0721f309d1 (webtiles) character file.

Game seed: 15106653191969019712

791 night the Magician (level 7, -1/53 HPs)
             Began as a Djinni Venom Mage on Apr 8, 2021.
             Slain by a wyvern zombie (5 damage)
             ... on level 5 of the Dungeon.
             The game lasted 00:15:50 (7297 turns).

night the Magician (Djinni Venom Mage)              Turns: 7297, Time: 00:15:50

Health: -1/53      AC:  9    Str:  7    XL:     7   Next: 88%
Gold:   259        EV: 13    Int: 18    God:
                   SH:  6    Dex: 20

rFire    + + .     SeeInvis .   s - +2 mace (drain)
rCold    x . .     Faith    .   b - +0 buckler
rNeg     . . .     Spirit   .   a - +0 robe
rPois    ∞         Reflect  .   (no helmet)
rElec    .         Harm     .   r - +0 cloak
rCorr    .         Rampage  .   (no gloves)
Will     .....                  (boots unavailable)
Stlth    ++........             (no amulet)
HPRegen  0.17/turn              y - +6 ring of dexterity
MPRegen  0.00/turn              (no ring)

@: ice-armoured, flying
A: fire resistance 2, cold vulnerability 1, float, innate caster, hp casting,
extra vitality 1
a: no special abilities


You were on level 5 of the Dungeon.
You visited 1 branch of the dungeon, and saw 5 of its levels.

You collected 259 gold pieces.

Inventory:

Hand Weapons
 s - a +2 mace of draining (weapon)
Missiles
 c - 139 stones
 i - 6 boomerangs
 n - 31 poisoned darts
 u - 16 sling bullets
Armour
 a - a +0 robe (worn)
 b - a +0 buckler (worn)
 g - a +0 leather armour
 h - a +0 ring mail
 l - a scarf of invisibility
 r - a +0 cloak (worn)
Jewellery
 y - a +6 ring of dexterity (left hand)
Wands
 A - a wand of flame (8)
Scrolls
 w - 2 scrolls of identify
Potions
 d - a potion of cancellation {unknown}
 f - 2 potions of attraction
 j - a potion of ambrosia {unknown}
 k - a potion of berserk rage {unknown}
 m - a potion of lignification {unknown}
 o - a potion of degeneration {unknown}
 p - 2 potions of might {unknown}
 q - 2 potions of heal wounds {unknown}
 t - 2 potions of flight {unknown}
 v - a potion of haste {unknown}
 x - 3 potions of mutation {unknown}
 z - 2 potions of brilliance {unknown}
 B - a potion of curing {unknown}


   Skills:
 + Level 4.9 Fighting
 - Level 2.1 Dodging
 - Level 1.5 Stealth
 - Level 4.0 Shields
 + Level 5.2 Spellcasting


You couldn't memorise any spells.
You knew the following spells:

 Your Spells              Type           Power      Damage    Failure   Level
a - Sting                 Tmut/Pois      92%        1d7       1%          1
b - Poisonous Vapours     Pois/Air       46%        N/A       2%          2
c - Ignite Poison         Fire/Tmut/Pois 23%        N/A       4%          3
d - Olgreb's Toxic Radia  Pois           23%        N/A       16%         4
e - Mephitic Cloud        Conj/Pois/Air  23%        N/A       4%          3
f - Summon Small Mammal   Summ           92%        N/A       1%          1
g - Corpse Rot            Necr/Air       N/A        N/A       2%          2
h - Ozocubu's Armour      Ice            23%        N/A       4%          3
Your spell library was empty.

Dungeon Overview and Level Annotations

Branches:
Dungeon (5/15)
 Temple: D:4-7

Altars:
Dithmenos
Kikubaaqudgha
Okawaru


Innate Abilities, Weirdness & Mutations

You are immune to poison.
Your flesh is very heat resistant. (rF++)
You are vulnerable to cold. (rC-)
You float through the air rather than walking.
You learn spells naturally, not from books.
Your magical power is your life essence.
You have superior vitality. (+4 HP)


Message History

The wyvern zombie is heavily damaged.
The wyvern zombie barely misses you.
Casting: Sting (safe; 1% risk of failure)
Confirm with . or Enter, or press ? or * to list all spells.
Aiming: Sting (safe; 1% risk of failure)
Press: ? - help, Shift-Dir - straight line, f/p - wyvern zombie
Aim: a wyvern zombie (heavily damaged, 8% to evade)
The sting hits the wyvern zombie.
The wyvern zombie partially resists.
The wyvern zombie is heavily damaged.
The wyvern zombie closely misses you.
Casting: Sting (safe; 1% risk of failure)
Confirm with . or Enter, or press ? or * to list all spells.
Aiming: Sting (safe; 1% risk of failure)
Press: ? - help, Shift-Dir - straight line, f/p - wyvern zombie
Aim: a wyvern zombie (heavily damaged, 8% to evade)
The sting hits the wyvern zombie but does no damage.
The wyvern zombie is heavily damaged.
The wyvern zombie misses you. The wyvern zombie bites you!
* * * LOW HITPOINT WARNING * * *
Aiming: Throw Flame
Press: ? - help, Shift-Dir - straight line, f/p - wyvern zombie
Aim: a wyvern zombie (heavily damaged, 11% to evade)
The puff of flame hits the wyvern zombie.
The wyvern zombie is heavily damaged.
The wyvern zombie misses you.
Aiming: Throw Flame
Press: ? - help, Shift-Dir - straight line, f/p - wyvern zombie
Aim: a wyvern zombie (heavily damaged, 11% to evade)
The puff of flame hits the wyvern zombie!
The wyvern zombie is severely damaged.
You block the wyvern zombie's attack.
Aiming: Throw Flame
Press: ? - help, Shift-Dir - straight line, f/p - wyvern zombie
Aim: a wyvern zombie (severely damaged, 11% to evade)
The puff of flame hits the wyvern zombie.
The wyvern zombie is almost destroyed.
The wyvern zombie bites you!
* * * LOW HITPOINT WARNING * * *
The wyvern zombie bites you.
You die...

#............#..###..####.#
#..........#.#..# #..# #.#
#.<#########.#..# #..# #.#
##..# #.#..# #>.# #.#
....#########.#..###..# #.#
###.##..........#.....# #.#
# #............###.##.####.#
###.##..........#.<........#
....##.#####...Z@..##.######
....##.### #.#.###.##.#
....##...# #.#.# #.##.#
.........# #.#.#
#.##.######## ..######.#
#.#.# #.##........# .## #.#
#.#.# #.#########.#
.#######.###.#.# #.# #.#
...............# #.# #.#
...............# #.# #.#


You could see a wyvern zombie.

Vanquished Creatures
  Edmund (D:4)
  A sky beast (D:5)
  A scorpion (D:4)
  A howler monkey (D:4)
  A bullfrog zombie (D:5)
  A jelly (D:5)
  Crazy Yiuf (D:2)
  A hound (D:5)
  2 orc priests (D:5)
  A bullfrog skeleton (D:5)
  A centaur skeleton (D:4)
  Robin (D:2)
  7 adders
  3 shadow imps (D:5)
  2 white imps (D:5)
  An ufetubus (D:5)
  2 worms
  3 dart slugs
  3 orcs
  A bat (D:3)
  8 endoplasms
  2 giant cockroaches
  15 goblins
  9 hobgoblins
  4 jackals (D:2)
  2 kobolds
  3 quokkas (D:1)
  5 ball pythons
  2 frilled lizards
  3 rats
88 creatures vanquished.

Vanquished Creatures (collateral kills)
  A necrophage (D:5)
1 creature vanquished.

Grand Total: 89 creatures vanquished

Notes
Turn   | Place    | Note
-------+----------+-------------------------------------------
     0 | D:1      | night the Djinni Venom Mage began the quest for the Orb.
     0 | D:1      | Reached XP level 1. HP: 15/15 MP: 0/0
   383 | D:1      | Reached skill level 3 in Spellcasting
   383 | D:1      | Reached XP level 2. HP: 19/22 MP: 0/0
   645 | D:1      | Reached skill level 1 in Fighting
  1568 | D:2      | Noticed Robin
  1753 | D:2      | Reached XP level 3. HP: 3/27 MP: 0/0
  1753 | D:2      | Learned a level 1 spell: Summon Small Mammal
  2308 | D:2      | Reached skill level 1 in Shields
  2642 | D:2      | Killed Robin
  2643 | D:2      | Reached XP level 4. HP: 6/33 MP: 0/0
  2877 | D:2      | Reached skill level 2 in Fighting
  3025 | D:2      | Found a faded altar of an unknown god.
  3513 | D:2      | Found a runed translucent door.
  3514 | D:2      | Noticed Crazy Yiuf
  3544 | D:2      | Killed Crazy Yiuf
  3545 | D:2      | Reached skill level 2 in Shields
  3545 | D:2      | Reached XP level 5. HP: 8/39 MP: 0/0
  3545 | D:2      | Learned a level 2 spell: Corpse Rot
  4732 | D:4      | Reached skill level 4 in Spellcasting
  4732 | D:4      | Reached XP level 6. HP: 39/46 MP: 0/0
  4751 | D:4      | Noticed Edmund
  4757 | D:4      | Killed Edmund
  5689 | D:4      | Found an iron altar of Okawaru.
  5849 | D:4      | Reached XP level 7. HP: 47/51 MP: 0/0
  5849 | D:4      | Learned a level 3 spell: Ozocubu's Armour
  5853 | D:4      | Found a shadowy altar of Dithmenos.
  5898 | D:5      | Entered Level 5 of the Dungeon
  6033 | D:5      | Found a transporter.
  6351 | D:5      | Found a transporter.
  7105 | D:5      | Reached skill level 5 in Spellcasting
  7297 | D:5      | HP: 4/53 [wyvern zombie (10)]
  7297 | D:5      | Slain by a wyvern zombie

Illustrated notes

Levels and vault maps discovered:
D:1:      dpeg_arrival_rooms_b, layout_basic
D:2:      layout_rooms, basic_ecumenical_altar, uniq_robin,
          uniq_crazy_yiuf_cottage
D:3:      layout_basic
D:4:      layout_basic, overflow_temple_1_default, kennysheep_okawaru_gauntlet,
          grunt_dithmenos_smoke_and_mirrors, minmay_liquid_box, uniq_edmund
D:5:      gammafunk_wand_slinger, layout_loops_ring, led_sif_pool, serial_shops,
          nicolae_shop_waterfront

Skill      XL: |  1  2  3  4  5  6  7 |
---------------+----------------------+-----
Spellcasting   | 3 4 5 |  5.2
Fighting       | 1 2 3 4 |  4.9
Shields        | 1 2 3 4 |  4.0
Dodging        | |  2.1
Stealth        | |  1.5

Action                   |  1- 3 |  4- 6 |  7- 9 || total
-------------------------+-------+-------+-------++-------
Melee: Whip              |     8 |     5 |       ||    13
       Mace              |       |     9 |    37 ||    46
 Cast: Sting             |    46 |    44 |    32 ||   122
       Poisonous Vapours |    13 |    31 |     3 ||    47
       Mephitic Cloud    |     1 |     1 |     2 ||     4
       Ignite Poison     |       |     6 |     4 ||    10
       Olgreb's Toxic Ra |       |     2 |       ||     2
       Summon Small Mamm |       |       |     4 ||     4
       Ozocubu's Armour  |       |       |     4 ||     4
Evoke: Wand              |       |       |     3 ||     3
  Use: Scroll            |       |       |     7 ||     7
Armor: Ring mail         |    10 |       |       ||    10
       Robe              |       |    11 |    13 ||    24
Dodge: Dodged            |    18 |    17 |    40 ||    75
Block: Buckler           |    11 |     8 |    18 ||    37

Table legend: (Time is in decaauts)
 A = Elapsed time spent in this place.
 B = Non-inter-level travel time spent in this place.
 C = Inter-level travel time spent in this place.
 D = Time resting spent in this place.
 E = Time spent auto-exploring this place.
 F = Levels seen in this place.
 G = Mean time per level.
                   A        B        C        D        E       F      G
               +--------+--------+--------+--------+--------+-----+--------+
         Total |   7319 |   7194 |    125 |   2647 |   3702 |   5 | 1463.8 |
       Dungeon |   7319 |   7194 |    125 |   2647 |   3702 |   5 | 1463.8 |
               +--------+--------+--------+--------+--------+-----+--------+

Top non-repeatable levels by time:
     D:1: 2192 daAuts
     D:2: 1651 daAuts
     D:4: 1413 daAuts
     D:5: 1401 daAuts
     D:3: 661 daAuts
